 Dungeon Crawl Stone Soup version 0.25-a0-503-ge281fa6 (webtiles) character file.

Game seed: 6536718245685985038, levelgen mode: deterministic

280 15 the Ruffian (level 6, 0/50 HPs)
             Began as a Draconian Transmuter on Feb 13, 2020.
             Killed from afar by an orc wizard (4 damage)
             ... with a magic dart
             ... on level 3 of the Dungeon.
             The game lasted 00:07:43 (2795 turns).

15 the Ruffian (Draconian Transmuter)               Turns: 2795, Time: 00:07:43

Health: 0/50       AC:  6    Str: 14    XL:     6   Next: 5%
Magic:  10/10      EV: 12    Int: 14    God:
Gold:   72         SH:  0    Dex: 11    Spells: 1/11 levels left

rFire    + . .     SeeInvis .     - Unarmed
rCold    + . .     Gourm    .   (no shield)
rNeg     . . .     Faith    .   (armour unavailable)
rPois    +         Spirit   .   (helmet restricted)
rElec    +         Reflect  .   (no cloak)
rCorr    +         Harm     .   (no gloves)
MR       .....                  (no boots)
Stlth    +.........             (no amulet)
HPRegen  0.16/turn              (no ring)
MPRegen  0.12/turn              (no ring)

@: resistant, slowed, very slow
A: unfitting armour, cold-blooded, AC +6
a: no special abilities


You were on level 3 of the Dungeon.
You were not hungry.

You visited 1 branch of the dungeon, and saw 3 of its levels.

You collected 72 gold pieces.

Inventory:

Missiles
 a - 22 arrows
Scrolls
 e - a scroll of teleportation
 g - a scroll of blinking {unknown}
 h - a scroll of fear {unknown}
 i - a scroll of immolation
 j - a scroll of identify
 k - a scroll of fog
 m - a scroll of magic mapping {unknown}
Potions
 b - a potion of heal wounds
Comestibles
 c - 5 rations
 d - 2 chunks of flesh


   Skills:
 * Level 2.5 Fighting
 * Level 2.7 Dodging
 + Level 0.3 Stealth
 + Level 4.3 Unarmed Combat
 * Level 3.1 Spellcasting
 * Level 3.2 Transmutations
 * Level 0.6 Ice Magic


You had one spell level left.
You knew the following spells:

 Your Spells              Type           Power        Failure   Level  Hunger
a - Beastly Appendage     Tmut           ##....       5%          1    #......
b - Sticks to Snakes      Tmut           ##......     9%          2    ##.....
c - Spider Form           Tmut/Pois      #.........   32%         3    ###....
d - Ice Form              Ice/Tmut       #.......     67%         4    #####..

Your spell library contained the following spells:

 Spells                   Type           Power        Failure   Level  Hunger
 Blade Hands              Tmut           ##........   83%         5    ######.


Dungeon Overview and Level Annotations

Branches:
Dungeon (3/15)

Altars:


Innate Abilities, Weirdness & Mutations

Your plain brown scales are hard. (AC +6)
You cannot fit into any form of body armour.
You are cold-blooded and may be slowed by cold attacks.


Message History

The orc wizard barely misses you.
You miss the orc wizard.
The orc wizard is almost dead.
The orc wizard gestures wildly while chanting.
The orc wizard blinks!
You aren't carrying any items that you can evoke.
It was a potion of resistance.
You feel protected. The orc wizard casts a spell at you.
The magic dart hits you.
* * * LOW HITPOINT WARNING * * *
You feel better.
The orc wizard mumbles some strange words.
The orc wizard blinks!
The orc wizard points at you and mumbles some strange words.
The magic dart hits you.
* * * LOW HITPOINT WARNING * * *
The orc wizard casts a spell at you. The magic dart hits you.
You die...

..... <... #### ....
... ##..# #.######.
#...# ##o....... #>..#
#.@.......
#.###...####..#######
#.......##..).)†...#
#####.÷###.#..####.#
## #..###.#).# # .
#.........## .#. #>
########..........#
#.. ##.#
.........####.##......
... #... ########)#
#.##.#.... #.# #.#


You could see an orc wizard.

Vanquished Creatures
  A phantom (D:2)
  An orc priest (D:3)
  4 adders
  A gnoll (D:1)
  12 orcs
  7 bats
  2 giant cockroaches
  5 hobgoblins
  17 jackals
  A quokka (D:2)
  3 frilled lizards
  7 goblins
  4 kobolds
  5 rats
70 creatures vanquished.

Vanquished Creatures (collateral kills)
  2 adders
  An orc (D:3)
3 creatures vanquished.

Vanquished Creatures (others)
  An orc wizard (D:3)
1 creature vanquished.

Grand Total: 74 creatures vanquished

Notes
Turn   | Place    | Note
-------+----------+-------------------------------------------
     0 | D:1      | 15 the Draconian Transmuter began the quest for the Orb.
     0 | D:1      | Reached XP level 1. HP: 16/16 MP: 3/3
    69 | D:1      | Reached XP level 2. HP: 10/23 MP: 3/5
    73 | D:1      | Learned a level 2 spell: Sticks to Snakes
  1064 | D:2      | Reached XP level 3. HP: 26/28 MP: 0/6
  1532 | D:2      | Noticed a phantom
  1547 | D:2      | Reached XP level 4. HP: 27/36 MP: 5/7
  1595 | D:2      | Killed a phantom
  1595 | D:2      | Reached skill level 4 in Unarmed Combat
  1595 | D:2      | Reached XP level 5. HP: 17/41 MP: 5/9
  2029 | D:2      | Learned a level 3 spell: Spider Form
  2034 | D:2      | Learned a level 4 spell: Ice Form
  2571 | D:3      | Reached XP level 6. HP: 23/50 MP: 4/10
  2795 | D:3      | Killed from afar by an orc wizard

Levels and vault maps discovered:
D:1:      elethiomel_arrival_fortress_basement, layout_basic, grunt_decor_cap,
          minmay_misc_feat_five
D:2:      layout_loops_corners, guppyfry_early_orc_mine
D:3:      layout_loops_ring, kennysheep_minor_cross

Skill      XL: |  1  2  3  4  5 |
---------------+----------------+-----
Dodging        | 2 |  2.7
Fighting       | 2 |  2.5
Unarmed Combat | 4 |  4.3
Spellcasting   | 3 |  3.1
Transmutations | 3 |  3.2
Stealth        | |  0.3
Ice Magic      | |  0.6

Action                   |  1- 3 |  4- 6 || total
-------------------------+-------+-------++-------
Melee: Unarmed           |    94 |   197 ||   291
       Kick              |     5 |     2 ||     7
       Tailslap          |     4 |    16 ||    20
       Headbutt          |     4 |     3 ||     7
       Punch             |       |     2 ||     2
 Cast: Beastly Appendage |    12 |    11 ||    23
       Sticks to Snakes  |     3 |     5 ||     8
  Use: Scroll            |     3 |     5 ||     8
       Potion            |       |     8 ||     8
 Stab: Sleeping          |     2 |       ||     2
  Eat: Chunk             |     2 |     5 ||     7
Armor: Skin              |    22 |    69 ||    91
Dodge: Dodged            |    60 |   124 ||   184

Table legend:
 A = Non-vault XP
 B = Vault XP
 C = Vault XP percentage of total XP
 D = Non-vault monster count
 E = Vault monster count
 F = Vault count percentage of total count
                 A         B        C        D         E       F
            +---------+---------+-------+---------+---------+-------
      Total |     382 |      18 |   4.5 |      66 |       8 |  10.8
            +---------+---------+-------+---------+---------+-------
        D:1 |      36 |       1 |   2.7 |      14 |       1 |   6.7
        D:2 |     203 |      17 |   7.7 |      23 |       7 |  23.3
        D:3 |     143 |       0 |   0.0 |      29 |       0 |   0.0
            +---------+---------+-------+---------+---------+-------
